 Dungeon Crawl Stone Soup version 0.28.0-43-g3370ac3207 (webtiles) character file.

Game seed: 7191183232009648293

2072 Peloso the Carver (level 9, -4/70 (78) HPs)
             Began as a Minotaur Fighter on Mar 23, 2022.
             Was a Priest of Okawaru.
             Slain by a wight
             ... wielding a +4 halberd
              (7 damage)
             ... on level 7 of the Dungeon.
             The game lasted 00:08:01 (6724 turns).

Peloso the Carver (Minotaur Fighter)                Turns: 6724, Time: 00:08:01

HP:   -4/70 (78)    AC: 11    Str: 23    XL:     9   Next: 5%
MP:   6/8           EV: 13    Int:  5    God:    Okawaru [***...]
Gold: 417           SH:  6    Dex: 12    Spells: 8/8 levels left

rFire   . . .      SeeInvis .   a - +0 long sword
rCold   . . .      Faith    .   c - +0 buckler
rNeg    . . .      Spirit   .   b - +0 scale mail
rPois   .          Reflect  .   (helmet restricted)
rElec   .          Harm     .   (no cloak)
rCorr   .          Rampage  .   t - +0 pair of gloves
Will    +....                   (no boots)
Stlth   ++........              (no amulet)
HPRegen 0.21/turn               l - ring of willpower
MPRegen 0.11/turn               (no ring)

@: heroic, heavily drained
A: horns 2, retaliatory headbutt
a: Renounce Religion, Heroism


You were on level 7 of the Dungeon.
You worshipped Okawaru.
Okawaru was most pleased with you.
You visited 2 branches of the dungeon, and saw 8 of its levels.

You collected 417 gold pieces.

Inventory:

Hand Weapons
 a - a +0 long sword (weapon)
Missiles
 o - 3 throwing nets (quivered)
Armour
 b - a +0 scale mail (worn)
 c - a +0 buckler (worn)
 t - a +0 pair of gloves (worn)
Jewellery
 l - a ring of willpower (left hand)
 m - a ring of magical power
 n - an amulet of the acrobat
 B - a ring of wizardry
Wands
 u - a wand of iceblast (8)
Scrolls
 e - a scroll of brand weapon {unknown}
 g - 3 scrolls of teleportation {unknown}
 h - 2 scrolls of noise {unknown}
 i - a scroll of silence {unknown}
 j - 2 scrolls of identify {unknown}
 p - 2 scrolls of blinking {unknown}
 s - a scroll of magic mapping {unknown}
 v - a scroll of fear {unknown}
 w - a scroll of enchant weapon {unknown}
 y - a scroll of fog {unknown}
Potions
 d - 2 potions of might
 f - 2 potions of lignification {unknown}
 k - a potion of curing {unknown}
 q - a potion of degeneration {unknown}
 r - 2 potions of heal wounds {unknown}
 x - a potion of flight {unknown}
 z - a potion of invisibility {unknown}
 A - a potion of magic {unknown}


   Skills:
 + Level 6.7(11.7) Fighting
 + Level 8.8(13.8) Long Blades
 + Level 7.9(12.9) Armour
 + Level 4.1(9.1) Dodging
 + Level 0.6(5.6) Stealth
 + Level 6.2(11.2) Shields


You had 8 spell levels left.
You didn't know any spells.
Your spell library contained the following spells:

 Spells                   Type           Power      Damage    Failure   Level
 Corpse Rot               Necr/Air       0%         N/A       89%         2
 Gell's Gravitas          Tloc           0%         N/A       98%         3
 Lesser Beckoning         Tloc           0%         N/A       98%         3
 Teleport Other           Tloc           0%         N/A       98%         3
 Dispel Undead            Necr           0%         3d6       100%        4
 Passage of Golubria      Tloc           0%         N/A       100%        4
 Yara's Violent Unravell  Hex/Tmut       0%         3d3       100%        5
 Tukima's Dance           Hex            Unusable   N/A       N/A         3
 Death Channel            Necr           Unusable   N/A       N/A         6

Dungeon Overview and Level Annotations

Branches:
Dungeon (7/15)             Temple (1/1) D:4

Altars:
Ashenzari
Cheibriados
Kikubaaqudgha
Nemelex Xobeh
Okawaru
Qazlal
Ru
Sif Muna
Zin
The Shining One

Annotations:
D:6 1 runed translucent door, Miritol's ghost, novice TeMo


Innate Abilities, Weirdness & Mutations

You have a pair of horns on your head.
You reflexively headbutt those who attack you in melee.


Message History

You hit the wight but do no damage. Your headbutt misses the wight.
The wight is severely damaged.
The wight hits you with a +4 mace of freezing!
You feel drained. The wight freezes you. The wight closely misses you.
You hit the wight but do no damage. You headbutt the wight.
You destroy the wight!
Okawaru accepts your kill. The wight barely misses you.
You hit the wight.
The wight is moderately damaged.
The wight barely misses you. The wight closely misses you.
You closely miss the wight. Your headbutt misses the wight.
The wight is moderately damaged.
The wight hits you but does no damage. The wight completely misses you.
You slash the wight! You headbutt the wight.
You destroy the wight!
Okawaru accepts your kill. You block the wight's attack.
The wight hits you with a +3 battleaxe of freezing!
You feel drained. The wight freezes you.
* * * LOW HITPOINT WARNING * * *
You barely miss the wight. You headbutt the wight!
The wight is heavily damaged.
The wight barely misses you. You furiously retaliate!
You headbutt the wight. The wight misses you.
Unknown command.
You gain the combat prowess of a mighty hero.
The wight hits you with a +3 battleaxe of freezing!
* * * LOW HITPOINT WARNING * * *
The wight freezes you.
* * * LOW HITPOINT WARNING * * *
The wight completely misses you.
You hit the wight. Your headbutt misses the wight.
The wight is almost destroyed.
Unknown command.
You hit the wight but do no damage.
The wight is almost destroyed.
The wight barely misses you.
The wight hits you from afar with a +4 halberd!
You die...

.##### ...... .Z....
......# .z.....
......)## ......zZ#
......#z# ##### #@#
###### #.## #....# ##
#..# #†##.#
...######.####.##.######
....................>..#
........)..###..####.#.#
...........# #..#<...#
...........# #..#..###
...........# #..#....


You could see 2 wights and a howler monkey skeleton.

Vanquished Creatures
  Grinder (D:3)
  A wyvern (D:7)
  Menkaure (D:5)
  A necrophage (D:6)
  2 ogres (D:6)
  A centaur (D:7)
  2 bullfrogs
  2 scorpions (D:6)
  6 wights
  A howler monkey (D:5)
  A centaur zombie (D:6)
  3 hounds
  A jelly (D:4)
  A bullfrog skeleton (D:6)
  2 gnoll shamans
  A centaur skeleton (D:7)
  An iguana (D:6)
  3 orc wizards
  A killer bee zombie (D:7)
  A howler monkey skeleton (D:3)
  17 gnolls
  11 adders
  2 worms
  2 dart slugs
  10 orcs
  4 bats
  6 endoplasms
  A giant cockroach (D:4)
  4 goblins
  8 hobgoblins
  12 jackals
  2 ball pythons
  3 frilled lizards
  4 kobolds
  7 rats
126 creatures vanquished.

Notes
Turn   | Place    | Note
-------+----------+-------------------------------------------
     0 | D:1      | Peloso the Minotaur Fighter began the quest for the Orb.
     0 | D:1      | Reached XP level 1. HP: 19/19 MP: 0/0
     1 | D:1      | Noticed an electric eel
   409 | D:1      | Reached XP level 2. HP: 26/27 MP: 1/1
  1047 | D:2      | Found a faded altar of an unknown god.
  1220 | D:2      | Reached XP level 3. HP: 33/33 MP: 2/2
  1336 | D:2      | Reached skill level 3 in Long Blades
  1430 | D:2      | Reached XP level 4. HP: 23/40 MP: 3/3
  2025 | D:3      | You fall into a shaft and drop 3 floors!
  2035 | D:5      | Entered Level 5 of the Dungeon
  2135 | D:5      | Reached skill level 5 in Armour
  2135 | D:5      | Reached XP level 5. HP: 41/47 MP: 4/4
  2212 | D:4      | Reached skill level 1 in Dodging
  2297 | D:4      | Found a staircase to the Ecumenical Temple.
  2308 | Temple   | Entered the Ecumenical Temple
  2342 | Temple   | Became a worshipper of Warmaster Okawaru
  2471 | Temple   | Reached skill level 4 in Long Blades
  2486 | D:4      | Reached XP level 6. HP: 41/53 MP: 5/5
  2594 | D:4      | Reached skill level 5 in Shields
  3395 | D:3      | Noticed Grinder
  3404 | D:3      | Reached skill level 5 in Fighting
  3415 | D:3      | Killed Grinder
  3415 | D:3      | Reached * piety under Okawaru
  3416 | D:3      | Reached skill level 5 in Long Blades
  3416 | D:3      | Reached XP level 7. HP: 33/61 MP: 6/6
  4206 | D:5      | Noticed Menkaure
  4215 | D:5      | Killed Menkaure
  4216 | D:5      | Reached skill level 6 in Long Blades
  4523 | D:5      | Found an ancient bone altar of Kikubaaqudgha.
  4524 | D:5      | Found a stormy altar of Qazlal.
  4632 | D:5      | Identified the +0 helmet "Golas" {Str+4}
  4957 | D:6      | HP: 2/62 [gnoll/+0 halberd (14)]
  5420 | D:6      | Reached ** piety under Okawaru
  5421 | D:6      | Reached skill level 7 in Long Blades
  5421 | D:6      | Reached XP level 8. HP: 70/70 MP: 7/7
  5960 | D:6      | Found a runed translucent door.
  5965 | D:6      | Noticed Miritol's ghost (novice TeMo)
  6093 | D:6      | Reached skill level 8 in Long Blades
  6477 | D:7      | Found a broken altar of Ashenzari.
  6706 | D:7      | Reached *** piety under Okawaru
  6707 | D:7      | Reached XP level 9. HP: 69/78 MP: 8/8
  6722 | D:7      | HP: 3/70 [wight/+3 battleaxe of freezing (6)]
  6724 | D:7      | Slain by a wight

Illustrated notes

Levels and vault maps discovered:
D:1:      arrival_aquarium_a, layout_basic
D:2:      layout_loops_ring, shapermc_ecumenical_altar_mp_ritualfount,
          minmay_quadrilaterals
D:3:      minmay_wonky_spiral, layout_basic, uniq_grinder
D:4:      layout_cave_pools, temple_statues
D:5:      layout_basic, nicolae_overflow_squiral, serial_bayou_pond_e,
          uniq_menkaure
D:6:      layout_loops_ring, ebering_ghost_sewer_d, serial_park_tiny_pond
D:7:      layout_basic, led_xom_imps, overflow_temple_1_default,
          yredelemnul_altar_generic, serial_shops, nicolae_lakefront_shop
Temple:   eino_temple_water

Skill      XL: |  1  2  3  4  5  6  7  8 |
---------------+-------------------------+-----
Shields        | 4 5 6 |  6.2
Fighting       | 4 5 6 |  6.7
Armour         | 4 5 6 7 |  7.9
Long Blades    | 3 4 5 7 8 |  8.8
Dodging        | 2 4 |  4.1
Stealth        | |  0.6

Action                   |  1- 3 |  4- 6 |  7- 9 || total
-------------------------+-------+-------+-------++-------
Melee: Long sword        |    84 |   147 |   155 ||   386
       Headbutt          |     5 |    19 |    33 ||    57
Invok: Heroism           |       |       |     1 ||     1
Armor: Scale mail        |    48 |    73 |    42 ||   163
Dodge: Dodged            |    62 |    73 |    81 ||   216
Block: Buckler           |    25 |    38 |    38 ||   101
